 Dungeon Crawl Stone Soup version 0.28-a0-909-g796cbd3a86 (webtiles) character file.

Game seed: 6679348754325596221

14569 BinkBink the Basher (level 12, -6/76 HPs)
             Began as a Gargoyle Monk on Nov 25, 2021.
             Was a High Priest of Cheibriados.
             Mangled by a titanic slime creature (51 damage)
             ... on level 12 of the Dungeon.
             The game lasted 00:25:37 (11666 turns).

BinkBink the Basher (Gargoyle Monk)                Turns: 11666, Time: 00:25:38

Health: -6/76      AC: 20    Str: 26    XL:     12   Next: 17%
Magic:  12/12      EV: 18    Int: 23    God:    Cheibriados [*****.]
Gold:   700        SH: 13    Dex: 30    Spells: 11/11 levels left

rFire   . . .      SeeInvis .   J - +2 flail "Detyetog" {freeze, Dex+3}
rCold   + . .      Faith    .   M - +0 kite shield
rNeg    + . .      Spirit   .   Q - +0 troll leather armour
rPois   ∞          Reflect  .   B - +2 hat
rElec   +          Harm     .   s - +1 cloak
rCorr   .          Rampage  .   d - +0 pair of gloves
Will    +....                   (no boots)
Stlth   +++.......              h - amulet of regeneration
HPRegen 2.22/turn               v - +4 ring of slaying
MPRegen 0.13/turn               x - ring "Teqet" {rElec rC+ Will+}

@: very slow
A: sickness immunity, AC +8, negative energy resistance 1, electricity
resistance, torment resistance 1, petrification resistance
a: Renounce Religion, Bend Time, Temporal Distortion, Slouch, Step From Time


You were on level 12 of the Dungeon.
You worshipped Cheibriados.
Cheibriados was extremely pleased with you.
You visited 2 branches of the dungeon, and saw 13 of its levels.

You collected 700 gold pieces.

Inventory:

Hand Weapons
 a - a +0 mace
 J - the +2 flail "Detyetog" (weapon) {freeze, Dex+3}
   (You found it on level 9 of the Dungeon)

   It freezes those it strikes, dealing additional cold damage.
   It can also slow down cold-blooded creatures.
   Dex:       It affects your dexterity (+3).
Missiles
 K - 2 throwing nets (quivered)
Armour
 b - a +0 robe
 d - a +0 pair of gloves (worn)
 s - a +1 cloak (worn)
 B - a +2 hat (worn)
 M - a +0 kite shield (worn)
 Q - a +0 troll leather armour (worn)
Jewellery
 c - a ring of magical power
 h - an amulet of regeneration (around neck)
 j - a ring of wizardry
 v - a +4 ring of slaying (left hand)
 x - the ring "Teqet" (right hand) {rElec rC+ Will+}
   (You found it on level 6 of the Dungeon)

   [ring of willpower]

   rC:        It protects you from cold.
   rElec:     It insulates you from electricity.
   Will:      It increases your willpower.
 H - an amulet of magic regeneration
 L - a ring of magical power
 P - an amulet of faith
Wands
 k - a wand of mindburst (4)
 C - a wand of flame (42)
 E - a wand of digging (3)
 N - a wand of paralysis (5)
Scrolls
 e - 3 scrolls of amnesia {unknown}
 g - 2 scrolls of blinking
 i - 8 scrolls of identify
 l - 4 scrolls of enchant weapon {unknown}
 o - 5 scrolls of teleportation {unknown}
 q - 4 scrolls of noise {unknown}
 y - 3 scrolls of fear {unknown}
 A - a scroll of enchant armour {unknown}
 F - a scroll of vulnerability {unknown}
 O - 2 scrolls of brand weapon {unknown}
 R - a scroll of immolation {unknown}
Potions
 f - a potion of attraction {unknown}
 m - 4 potions of brilliance {unknown}
 n - a potion of heal wounds {unknown}
 p - a potion of degeneration {unknown}
 r - 2 potions of flight {unknown}
 t - 2 potions of berserk rage {unknown}
 u - a potion of cancellation {unknown}
 w - 7 potions of curing {unknown}
 z - a potion of invisibility {unknown}
 D - a potion of ambrosia {unknown}
 G - 4 potions of lignification {unknown}
 I - 2 potions of haste {unknown}


   Skills:
 + Level 9.1 Fighting
 + Level 12.2 Maces & Flails
 * Level 9.1 Armour
 + Level 7.9 Dodging
 - Level 2.1 Stealth
 * Level 6.0 Shields


You had 11 spell levels left.
You didn't know any spells.
Your spell library contained the following spells:

 Spells                   Type           Power      Damage    Failure   Level
 Slow                     Hex            0%         N/A       50%         1
 Sting                    Tmut/Pois      0%         1d3       50%         1
 Blink                    Tloc           0%         N/A       63%         2
 Corpse Rot               Necr/Air       0%         N/A       63%         2
 Poisonous Vapours        Pois/Air       0%         N/A       63%         2
 Wereblood                Tmut           0%         N/A       63%         2
 Confusing Touch          Hex            0%         N/A       86%         3
 Gell's Gravitas          Tloc           0%         N/A       86%         3
 Lesser Beckoning         Tloc           0%         N/A       86%         3
 Ozocubu's Armour         Ice            0%         N/A       86%         3
 Teleport Other           Tloc           0%         N/A       86%         3
 Vampiric Draining        Necr           0%         2d6       86%         3
 Dispel Undead            Necr           0%         3d6       99%         4
 Olgreb's Toxic Radiance  Pois           0%         N/A       99%         4
 Metabolic Englaciation   Hex/Ice        0%         N/A       100%        5
 Conjure Ball Lightning   Conj/Air       0%         3x3d6     100%        6
 Death Channel            Necr           0%         N/A       100%        6
 Simulacrum               Ice/Necr       0%         N/A       100%        6
 Borgnjor's Revivificati  Necr           0%         N/A       100%        8
 Discord                  Hex            0%         N/A       100%        8
 Disjunction              Tloc           0%         N/A       100%        8
 Necromutation            Tmut/Necr      0%         N/A       100%        8
 Death's Door             Necr           0%         N/A       100%        9


Dungeon Overview and Level Annotations

Branches:
Dungeon (12/15)            Temple (1/1) D:7            Lair (0/6) D:11
    Orc: D:9-12

Altars:
Ashenzari
Cheibriados
Dithmenos
Elyvilon
Fedhas
Gozag
Hepliaklqana
Kikubaaqudgha
Makhleb
Nemelex Xobeh
Okawaru
Qazlal
Ru
Sif Muna
Trog
Uskayaw
Vehumet
Wu Jian
Xom
Yredelemnul
Zin
The Shining One

Shops:
D:9 :   D:10 *

Annotations:
D:3 1 runed translucent door, Crazy Yiuf
D:5 Dowan, Duvessa
D:12 Sonja


Innate Abilities, Weirdness & Mutations

You are immune to sickness and miasma.
Your stone body is resilient. (AC +8)
You are immune to poison.
You resist negative energy. (rN+)
You are resistant to electric shocks. (rElec)
You are resistant to unholy torment.
You are immune to petrification.


Message History

You block the slime creature's attack.
The very large slime creature completely misses you.
You hit the very large slime creature.
You freeze the very large slime creature.
The very large slime creature is heavily wounded.
The slime creature misses you.
The slime creature hits you but does no damage.
The very large slime creature barely misses you.
You barely miss the very large slime creature.
The very large slime creature is heavily wounded.
The slime creature hits you but does no damage.
The slime creature hits you.
You block the very large slime creature's attack.
You bludgeon the very large slime creature!!
You freeze the very large slime creature.
The very large slime creature is heavily wounded.
The slime creature completely misses you.
The slime creature misses you.
The very large slime creature barely misses you.
You sock the very large slime creature!
You freeze the very large slime creature.
The very large slime creature is severely wounded.
The slime creature hits you.
The slime creature hits you but does no damage.
You block the very large slime creature's attack.
You sock the very large slime creature!
You freeze the very large slime creature.
The very large slime creature is severely wounded.
You block the slime creature's attack.
The slime creature hits you but does no damage.
The very large slime creature hits you!!
The slime creature misses you.
A very large slime creature splits.
You block the slime creature's attack. The slime creature hits you!
Two slime creatures merge to form a very large slime creature.
You block the slime creature's attack.
Two slime creatures merge to form an enormous slime creature.
Two slime creatures merge to form a titanic slime creature.
The titanic slime creature hits you!!!
Ouch! That really hurt!
You die...

##............#.......##
##.............#........##
###.......##.##.............#
#.#......###....#.<...........
.........##.....##............
#........##..#...####.........
#............#...##
##.........
###.....#...###...#
#.....##.##
##....#..####.@.####.........#
##...###..##..J.##...##......#
#.....##.....##.#....###....##
##..........##.......#.#.....#
##..............###........###
####........................)
####..#...................
####...................
##...>..............


You could see a titanic slime creature.

Vanquished Creatures
  Erolcha (D:10)
  5 two-headed ogres
  A cyclops (D:11)
  An ugly thing (D:11)
  2 centaur zombies (D:11)
  2 gargoyles (D:11)
  Psyche (D:9)
  2 komodo dragons
  3 kobold demonologists
  2 trolls
  A meliai zombie (D:11)
  3 slime creatures (D:12)
  A shadow (D:11)
  2 wyverns
  A basilisk (D:10)
  10 yaks
  A wraith (D:10)
  Menkaure (D:4)
  A water moccasin (D:7)
  A sky beast (D:7)
  2 ice beasts (D:6)
  4 orc warriors
  2 black bears (D:6)
  An ogre (D:4)
  6 centaurs
  A phantom (D:5)
  A gnoll sergeant (D:9)
  5 kobold brigands
  3 bullfrogs
  3 scorpions
  A water moccasin skeleton (D:4)
  11 killer bees
  A howler monkey (D:6)
  9 electric eels (D:11)
  A jelly (D:4)
  2 hounds
  2 iguanas
  2 centaur skeletons (D:7)
  2 gnoll shamans (D:9)
  Jessica (D:2)
  A bullfrog skeleton (D:6)
  3 orc wizards
  Terence (D:2)
  A killer bee zombie (D:9)
  2 hound skeletons
  Robin (D:3)
  A howler monkey zombie (D:9)
  6 adders
  21 gnolls
  A river rat (D:6)
  A white imp (D:5)
  An adder skeleton (D:4)
  A worm (D:6)
  2 dart slugs
  17 orcs
  4 endoplasms
  4 giant cockroaches
  15 goblins
  10 hobgoblins
  4 jackals (D:1)
  5 quokkas
  5 ball pythons
  5 bats
  3 frilled lizards
  15 kobolds
  8 rats
240 creatures vanquished.

Vanquished Creatures (others)
  28 plants (D:11)
28 creatures vanquished.

Grand Total: 268 creatures vanquished

Notes
Turn   | Place    | Note
-------+----------+-------------------------------------------
     0 | D:1      | BinkBink the Gargoyle Monk began the quest for the Orb.
     0 | D:1      | Reached XP level 1. HP: 14/14 MP: 1/1
   493 | D:1      | Reached XP level 2. HP: 14/19 MP: 2/2
   894 | D:1      | Reached skill level 1 in Armour
   904 | D:1      | Reached XP level 3. HP: 20/23 MP: 3/3
  1335 | D:2      | HP: 1/24 [gnoll (3)]
  1690 | D:2      | Reached XP level 4. HP: 19/29 MP: 4/4
  1808 | D:2      | Noticed Jessica
  1813 | D:2      | Killed Jessica
  2165 | D:2      | Reached skill level 4 in Maces & Flails
  2165 | D:2      | Reached XP level 5. HP: 23/33 MP: 5/5
  2324 | D:2      | Found a faded altar of an unknown god.
  2353 | D:2      | Noticed Terence
  2377 | D:2      | Killed Terence
  2762 | D:3      | Noticed Robin
  2812 | D:3      | Killed Robin
  2884 | D:3      | Found an iron altar of Okawaru.
  3571 | D:3      | Found a runed translucent door.
  3572 | D:3      | Noticed Crazy Yiuf
  3810 | D:4      | Reached XP level 6. HP: 38/38 MP: 6/6
  3934 | D:4      | Reached skill level 5 in Maces & Flails
  3963 | D:4      | Noticed Menkaure
  4039 | D:4      | Killed Menkaure
  4040 | D:4      | Reached XP level 7. HP: 24/44 MP: 7/7
  4881 | D:5      | Entered Level 5 of the Dungeon
  4913 | D:5      | Got the Volume of Transformation and Displacement
  4926 | D:5      | Noticed Duvessa
  4929 | D:5      | Noticed Dowan
  5107 | D:5      | Found a glowing silver altar of Zin.
  5271 | D:5      | Reached skill level 6 in Maces & Flails
  5496 | D:5      | Reached skill level 5 in Fighting
  5606 | D:5      | Reached XP level 8. HP: 44/49 MP: 8/8
  5809 | D:6      | Found a burning altar of Makhleb.
  6010 | D:6      | Found a broken altar of Ashenzari.
  6144 | D:6      | Noticed a yak
  6144 | D:6      | Noticed a yak
  6144 | D:6      | Noticed a yak
  6144 | D:6      | Noticed a yak
  6145 | D:6      | Noticed a yak
  6205 | D:6      | Killed a yak
  6206 | D:6      | Reached skill level 7 in Maces & Flails
  6302 | D:6      | Killed a yak
  6315 | D:6      | Reached skill level 5 in Armour
  6354 | D:6      | Killed a yak
  6355 | D:6      | Reached skill level 5 in Dodging
  6355 | D:6      | Reached XP level 9. HP: 44/55 MP: 9/9
  6406 | D:6      | Reached skill level 8 in Maces & Flails
  6624 | D:6      | Identified the ring "Teqet" {rElec rC+ Will+}
  6942 | D:6      | Found an ornate altar of the Wu Jian Council.
  6959 | D:6      | Noticed a spectral centipede
  7627 | D:7      | Found a shimmering blue altar of Sif Muna.
  7744 | D:7      | Found a staircase to the Ecumenical Temple.
  7754 | Temple   | Entered the Ecumenical Temple
  7938 | Temple   | Became a worshipper of Cheibriados the Contemplative
  7938 | Temple   | Reached * piety under Cheibriados
  7938 | Temple   | Reached ** piety under Cheibriados
  8175 | D:8      | Found a basalt altar of Yredelemnul.
  8288 | D:8      | Reached skill level 9 in Maces & Flails
  8479 | D:8      | Found a shimmering altar of Xom.
  8633 | D:9      | Identified the +2 flail "Detyetog" {freeze, Dex+3}
  8746 | D:9      | Reached XP level 10. HP: 62/63 MP: 10/10
  8918 | D:9      | Reached *** piety under Cheibriados
  8995 | D:9      | Noticed Psyche
  9002 | D:9      | Killed Psyche
  9009 | D:9      | Found Keimi's Book Shop.
  9536 | D:10     | Entered Level 10 of the Dungeon
  9548 | D:10     | Noticed a two-headed ogre
  9612 | D:10     | Noticed a two-headed ogre
  9613 | D:10     | Found a sacrificial altar of Ru.
  9624 | D:10     | Killed a two-headed ogre
  9625 | D:10     | Reached skill level 1 in Shields
  9733 | D:10     | Reached skill level 10 in Maces & Flails
  9779 | D:10     | Killed a two-headed ogre
  9851 | D:10     | Noticed Erolcha
  9919 | D:10     | Killed Erolcha
 10044 | D:10     | Noticed a two-headed ogre
 10050 | D:10     | Killed a two-headed ogre
 10051 | D:10     | Reached XP level 11. HP: 63/68 MP: 11/11
 10157 | D:10     | Found a hazy altar of Hepliaklqana.
 10246 | D:10     | Reached **** piety under Cheibriados
 10295 | D:10     | Found Vaqecw's Assorted Antiques.
 10403 | D:11     | Noticed a cyclops
 10411 | D:11     | Killed a cyclops
 10412 | D:11     | Reached skill level 11 in Maces & Flails
 10533 | D:11     | Noticed a two-headed ogre
 10543 | D:11     | Killed a two-headed ogre
 10709 | D:11     | Found a staircase to the Lair.
 10762 | D:11     | Noticed a two-headed ogre
 10778 | D:11     | Killed a two-headed ogre
 10861 | D:11     | Noticed a cyan ugly thing
 10895 | D:11     | Killed a cyan ugly thing
 10896 | D:11     | Reached skill level 5 in Shields
 10988 | D:11     | Noticed a soul eater
 11003 | D:11     | Reached skill level 12 in Maces & Flails
 11010 | D:11     | Reached ***** piety under Cheibriados
 11213 | D:11     | Reached XP level 12. HP: 75/75 MP: 12/12
 11514 | D:12     | Noticed Sonja
 11522 | D:12     | Noticed a boulder beetle
 11666 | D:12     | Mangled by a titanic slime creature

Illustrated notes

Levels and vault maps discovered:
D:1:      mainiacjoe_arrival_reflecting_pool, layout_basic, minmay_domino_2
D:2:      layout_basic, hellmonk_ecumenical_altar_lost_god, hex_large,
          uniq_jessica, uniq_terence
D:3:      layout_basic, lemuel_doored_altar, kennysheep_potato, uniq_robin,
          uniq_crazy_yiuf_cottage
D:4:      layout_cave_pods, uniq_menkaure
D:5:      layout_gridville, kennysheep_mini_moat, hex_tiny, uniq_duvessa
D:6:      layout_loops_ring, pdpol_wu_jian_five_deadly_venoms,
          mainiacjoe_overflow_alcove_4, nicolae_ashenzari_panopticon,
          lightli_sewer_entry_pipes
D:7:      layout_gridville, nicolae_sif_muna_little_library, temple_hall
D:8:      layout_basic, mainiacjoe_overflow_surrounded_room,
          mainiacjoe_overflow_six_doors_small
D:9:      layout_gridville, serial_shops, kennysheep_mini, uniq_psyche
D:10:     layout_roguey, lemuel_round_altar, mainiacjoe_overflow_cross_hatched,
          serial_shops, shop, uniq_erolcha
D:11:     layout_irregular_city, david_lair_shrubbed, serial_bayou,
          serial_bayou_pond_b, serial_bayou_crossing, serial_bayou_ford_a,
          serial_bayou_lake_a, serial_bayou_shore_b
D:12:     layout_cave_pools, david_orc_1_choice, gammafunk_ghost_spectres,
          uniq_sonja
Temple:   minmay_temple_bridge_abc

Skill      XL: |  1  2  3  4  5  6  7  8  9 10 11 12 |
---------------+-------------------------------------+-----
Armour         | 1 2 3 4 5 6 7 8 9 |  9.1
Dodging        | 3 4 5 7 |  7.9
Maces & Flails | 4 5 6 7 9 10 12 | 12.2
Fighting       | 4 5 6 7 8 9 |  9.1
Shields        | 3 5 6 |  6.0
Stealth        | |  2.1

Action                   |  1- 3 |  4- 6 |  7- 9 | 10-12 || total
-------------------------+-------+-------+-------+-------++-------
Melee: Mace              |    94 |   225 |   624 |       ||   943
       Flail             |       |       |     3 |   350 ||   353
  Use: Scroll            |       |       |     2 |       ||     2
 Stab: Sleeping          |     9 |     4 |     5 |     4 ||    22
       Distracted        |       |       |     1 |       ||     1
Armor: Robe              |    39 |    86 |   231 |    98 ||   454
       Troll leather arm |       |       |       |    51 ||    51
Dodge: Dodged            |    73 |   203 |   414 |   411 ||  1101
Block: Kite shield       |       |       |       |    96 ||    96

Table legend: (Time is in decaauts)
 A = Elapsed time spent in this place.
 B = Non-inter-level travel time spent in this place.
 C = Inter-level travel time spent in this place.
 D = Time resting spent in this place.
 E = Time spent auto-exploring this place.
 F = Levels seen in this place.
 G = Mean time per level.
                   A        B        C        D        E       F      G
               +--------+--------+--------+--------+--------+-----+--------+
         Total |  13682 |  12796 |    886 |      0 |   9621 |  13 | 1052.5 |
       Dungeon |  13468 |  12623 |    845 |      0 |   9454 |  12 | 1122.3 |
        Temple |    213 |    173 |     40 |      0 |    167 |   1 |  213.0 |
               +--------+--------+--------+--------+--------+-----+--------+

Top non-repeatable levels by time:
     D:9: 1588 daAuts
     D:1: 1580 daAuts
    D:11: 1567 daAuts
     D:6: 1366 daAuts
    D:10: 1288 daAuts
     D:4: 1281 daAuts
     D:3: 1093 daAuts
     D:2: 1073 daAuts
     D:5: 829 daAuts
     D:7: 742 daAuts
     D:8: 685 daAuts
    D:12: 373 daAuts
  Temple: 213 daAuts
